 Dungeon Crawl Stone Soup version v3.33-hellcrawl (webtiles) character file.

5 Implojin the Vexing (level 2, -2/19 HPs)
             Began as a Mummy Enchanter on May 11, 2017.
             Slain by a jackal (3 damage)
             ... on level 1 of the Dungeon.
             The game lasted 00:01:28 (369 turns).

Implojin the Vexing (Mummy Enchanter)                Turns: 369, Time: 00:01:28

Health: -2/19      AC:  4 (0%)Str: 11   XL:     2   Next: 31%
Magic:  1/5        EV: 12    Int: 14    God:
Gold:   77         SH:  0    Dex: 12    Spells: 2/5 levels left

rFire    x . .     SeeInvis .   a - +1 dagger
rCold    + . .     Faith    .   (no shield)
rNeg     + + +     Spirit   .   b - +1 robe
rPois    ∞         Reflect  .   d - +0 helmet
rElec    .                      (no cloak)
rCorr    .                      (no gloves)
MR       .....                  (no boots)
Stlth    ++........             (no amulet)
Regen    0.1/turn               (no ring)
MPRegen  0.2/turn               (no ring)

@: no status effects
A: no food or potions, fire vulnerability, cold resistance 1, negative energy
resistance 3, torment resistance, unbreathing
a: no special abilities


You were on level 1 of the Dungeon.
You were not hungry.

You visited 1 branch of the dungeon, and saw 1 of its levels.

You collected 77 gold pieces.

Inventory:

Hand Weapons
 a - a +1 dagger (weapon)
Missiles
 c - 132 stones (quivered)
Armour
 b - a +1 robe (worn)
 d - a +0 helmet (worn)


   Skills:
 * Level 1.9 Blades
 - Level 1.5 Dodging
 - Level 2.4 Stealth
 - Level 2.0 Spellcasting
 - Level 2.6 Hexes


You had 2 spell levels left.
You knew the following spells:

 Your Spells              Type           Power        Failure   Level  Hunger
a - Corona                Hex            8 (90)       8%          1    N/A
b - Ensorcelled Hibernat  Hex/Ice        5 (50)       21%         2    N/A

Dungeon Overview and Level Annotations

Branches:
Dungeon (1/15)

Altars:


Innate Abilities, Weirdness & Mutations

You do not eat or drink.
Your flesh is vulnerable to fire.
You are immune to poison.
Your flesh is cold resistant. (rC+)
You are immune to negative energy. (rN+++)
You are immune to unholy pain and torment.
You can survive without breathing.


Message History

You hit the jackal but do no damage.
The jackal is severely wounded.
The jackal closely misses you.
You hit the jackal but do no damage.
The jackal is severely wounded.
The jackal closely misses you.
A goblin comes into view. It is wielding a +0 dagger.
You barely miss the jackal.
The jackal is heavily wounded.
The jackal barely misses you. The jackal bites you (2).
* * * LOW HITPOINT WARNING * * *
Unknown command.
You hit the jackal but do no damage.
The jackal is heavily wounded.
The jackal bites you (1).
* * * LOW HITPOINT WARNING * * *
Unknown command.
You hit the jackal but do no damage.
The jackal is moderately wounded.
The jackal closely misses you.
You closely miss the jackal.
The jackal is moderately wounded.
The jackal bites you but does no damage.
The jackal misses you.
You hit the jackal (1).
The jackal is heavily wounded.
The jackal barely misses you.
You hit the jackal but do no damage.
The jackal is heavily wounded.
The jackal closely misses you.
You hit the jackal (2).
The jackal is almost dead.
The jackal bites you but does no damage.
You hit the jackal (3).
You kill the jackal!
Casting: Ensorcelled Hibernation
Confirm with . or Enter, or press ? or * to list all spells.
Aiming: Corona
Press: ? - help, Shift-Dir - straight line, f - jackal
Aim: a jackal (chance to defeat MR: 61%)
The jackal struggles to resist.
The jackal bites you but does no damage.
Unknown command.
Casting: Corona
Confirm with . or Enter, or press ? or * to list all spells.
Aiming: Corona
Press: ? - help, Shift-Dir - straight line, f/p - jackal
Aim: a jackal (chance to defeat MR: 61%)
The jackal is outlined in light.
The jackal bites you (2).
* * * LOW HITPOINT WARNING * * *
The jackal bites you but does no damage.
You hit the jackal (2).
The jackal is heavily wounded.
The jackal barely misses you.
You hit the jackal (1).
The jackal is severely wounded.
The jackal barely misses you.
You hit the jackal (3).
You kill the jackal!
Casting: Corona
Confirm with . or Enter, or press ? or * to list all spells.
Aiming: Corona
Press: ? - help, Shift-Dir - straight line, f - jackal
Aim: a jackal (chance to defeat MR: 61%)
The jackal struggles to resist.
The jackal bites you but does no damage.
The jackal bites you (2).
* * * LOW HITPOINT WARNING * * *
Unknown command.
Casting: Corona
Confirm with . or Enter, or press ? or * to list all spells.
Aiming: Corona
Press: ? - help, Shift-Dir - straight line, f/p - jackal
Aim: a jackal (chance to defeat MR: 61%)
The jackal is outlined in light.
The jackal barely misses you.
Unknown command.
You hit the jackal (2).
The jackal is heavily wounded.
The jackal bites you (3).
* * * LOW HITPOINT WARNING * * *
Unknown command.
You aren't carrying any items that you can evoke.
Unknown command.
Unknown command.
You hit the jackal but do no damage.
The jackal is heavily wounded.
The jackal misses you. The jackal closely misses you.
You hit the jackal (1).
The jackal is severely wounded.
The jackal bites you but does no damage.
You hit the jackal but do no damage.
The jackal is heavily wounded.
The jackal barely misses you.
You hit the jackal (1).
The jackal is severely wounded.
The jackal closely misses you.
You hit the jackal but do no damage.
The jackal is severely wounded.
The jackal bites you (3).
You die...

# #........)# #.... #.
#.........# #.... ##..
#.........#####.... .....
#..........†..#..†.
......#..#..#.#.....#####
........g#..#.#.....#
......##w#..#.#.....#
....h #h#....#.....# ....
#@#......######### ...
#........##≈≈≈≈#.# ..
###......#≈≈≈≈≈#.# .
#......#≈§#§ #.#
#......#≈§≈≈≈#.#
#......#≈§§§§#∩#
#......#≈≈≈§§#.#
#......#≈§§§§#.#
..########......#≈§#§≈#.#


You could see a dart slug, a jackal and a goblin.

Vanquished Creatures
  2 giant cockroaches (D:1)
  A hobgoblin (D:1)
  4 jackals (D:1)
  A kobold (D:1)
  A bat (D:1)
  2 frilled lizards (D:1)
  A goblin (D:1)
  A rat (D:1)
13 creatures vanquished.

Notes
Turn   | Place    | Note
-------+----------+-------------------------------------------
     0 | D:1      | Implojin the Mummy Enchanter began the quest for the Orb.
     0 | D:1      | Reached XP level 1. HP: 13/13 MP: 3/3
    17 | D:1      | Reached skill level 1 in Blades
   304 | D:1      | Reached XP level 2. HP: 19/19 MP: 5/5
   308 | D:1      | Learned a level 2 spell: Ensorcelled Hibernation
   362 | D:1      | HP: 4/19 [jackal (2)]
   364 | D:1      | HP: 1/19 [jackal (3)]
   369 | D:1      | Slain by a jackal

Skill      XL: |  1 |
---------------+----+-----
Blades         | 1 |  1.9
Dodging        | |  1.5
Stealth        | |  2.4
Spellcasting   | |  2.0
Hexes          | |  2.6

Action                   || total
-------------------------++-------
Melee: Dagger            ||    61
 Cast: Corona            ||     6
       Ensorcelled Hiber ||     2
 Stab: Sleeping          ||     5
Armor: Robe              ||    13
Dodge: Dodged            ||    44

Vault maps used:
D:1:      saegor_arrival_miasma, hangedman_abyss_or_decor_stabs,
          roderic_lattice_a

Table legend:
 A = Turns spent in this place as a percentage of turns spent in the entire game.
 B = Non-inter-level travel turns spent in this place as a percentage of non-inter-level travel turns spent in the entire game.
 C = Inter-level travel turns spent in this place as a percentage of turns spent in this place.
 D = Turns resting spent in this place as a percentage of non-inter-level travel turns spent in this place.
 E = Turns spent auto-exploring this place as a percentage of non-inter-level travel turns spent in this place.
 F = Non-inter-level travel turns spent in this place divided by the number of levels of this place that you've seen.
                   A       B       C       D       E      F
               +-------+-------+-------+-------+-------+----------------------
         Total | 100.0 | 100.0 |   0.0 |   1.8 |   6.0 | 168.0
       Dungeon | 100.0 | 100.0 |   0.0 |   1.8 |   6.0 | 168.0
               +-------+-------+-------+-------+-------+----------------------

Table legend:
 A = Kills in this place as a percentage of kills in entire the game.
 B = Kills by you in this place as a percentage of kills by you in the entire game.
 C = Kills by friends in this place as a percentage of kills by friends in the entire game.
 D = Other kills in this place as a percentage of other kills in the entire game.
 E = Experience gained in this place as a percentage of experience gained in the entire game.
 F = Experience gained in this place divided by the number of levels of this place that you have seen.
                   A       B       C       D       E      F
               +-------+-------+-------+-------+-------+----------------------
         Total | 100.0 | 100.0 |  -nan |  -nan | 100.0 |  21.0
       Dungeon | 100.0 | 100.0 |  -nan |  -nan | 100.0 |  21.0
               +-------+-------+-------+-------+-------+----------------------
